 Dungeon Crawl Stone Soup version 0.28-a0-1524-ge72afd5fc6 (webtiles) character file.

Game seed: 3891417345000595433

17 psuckher the Sneak (level 2, -4/25 HPs)
             Began as a Barachi Delver on Jan 17, 2022.
             Slain by a phantom (8 damage)
             ... on level 6 of the Dungeon.
             The game lasted 00:01:12 (168 turns).

psuckher the Sneak (Barachi Delver)                  Turns: 168, Time: 00:01:13

Health: -4/25      AC:  3    Str: 13    XL:     2   Next: 62%
Magic:  2/2        EV: 12    Int: 10    God:
Gold:   0          SH:  0    Dex: 13    Spells: 1/1 levels left

rFire   . . .      SeeInvis .   a - +0 falchion
rCold   . . .      Faith    .   (no shield)
rNeg    . . .      Spirit   .   b - +0 leather armour
rPois   .          Reflect  .   (no helmet)
rElec   .          Harm     .   (no cloak)
rCorr   .          Rampage  .   (no gloves)
Will    .....                   (no boots)
Stlth   +++.......              (no amulet)
HPRegen 0.08/turn               (no ring)
MPRegen 0.08/turn               (no ring)

@: slow
A: amphibious, slowness 1, strong legs 1, +LOS
a: Hop


You were on level 6 of the Dungeon.
You visited 1 branch of the dungeon, and saw 2 of its levels.

Inventory:

Hand Weapons
 a - a +0 falchion (weapon)
Armour
 b - a +0 leather armour (worn)
Wands
 g - a wand of digging (3)
Scrolls
 c - a scroll of fog
 d - 2 scrolls of magic mapping
Potions
 f - a potion of haste


   Skills:
 + Level 4.0 Fighting
 + Level 2.5 Long Blades
 + Level 2.4 Dodging
 + Level 4.8 Stealth


You had one spell level left.
You didn't know any spells.
Your spell library was empty.

Dungeon Overview and Level Annotations

Branches:
Dungeon (6/15)
 Temple: D:4-7

Altars:


Innate Abilities, Weirdness & Mutations

You are amphibious.
You cover ground slowly.
You can hop short distances.
You have an extended range of vision and can be seen from far away.


Message History

A gnoll comes into view. It is wielding a +0 whip.
Found 14 gold pieces.
A gnoll comes into view. It is wielding a +0 flail.
The gnoll shouts!
You hear a shout! x2
A gnoll comes into view. It is wielding a +0 whip.
You see here 16 stones.
There is a stone staircase leading down here.
You climb downwards.
There is a stone staircase leading up here.
Found 5 poisoned darts.
You open the door.
There is an open door here.
You open the door.
An adder and a phantom come into view.
The adder hisses angrily.
You hear a shout!
The phantom hits you but does no damage.
There is an open door here.
You completely miss the phantom. The phantom hits you!
* * * LOW HITPOINT WARNING * * *
The phantom closely misses you.
You slash the phantom!
The phantom is moderately damaged.
The phantom barely misses you.
You hit the phantom.
The phantom is moderately damaged.
The phantom misses you.
You hit the phantom.
The phantom is moderately damaged.
The phantom closely misses you.
You hit the phantom.
The phantom is heavily damaged.
The phantom barely misses you.
You hit the phantom.
The phantom is severely damaged.
The phantom completely misses you. The phantom hits you.
* * * LOW HITPOINT WARNING * * *
You miss the phantom.
The phantom is severely damaged.
The phantom hits you!
You die...

..#.............
...................
..................
...............#
...............#.....
........##'#......
#......##S#.....
#......##W#....
#......##@#...#
#......##.#...#
##...##...#...#
#...##.###...#
#...##...'.(.#
##########...#
#..<#...# #.###.###
#.# #.#


You could see a phantom and an adder.

Vanquished Creatures
  An adder (D:5)
  4 orcs (D:5)
5 creatures vanquished.

Notes
Turn   | Place    | Note
-------+----------+-------------------------------------------
     0 | D:5      | psuckher the Barachi Delver began the quest for the Orb.
     0 | D:5      | Reached XP level 1. HP: 18/18 MP: 1/1
    55 | D:5      | Reached XP level 2. HP: 10/25 MP: 2/2
   157 | D:6      | Noticed a phantom
   168 | D:6      | Slain by a phantom

Illustrated notes

Levels and vault maps discovered:
D:5:      layout_basic
D:6:      layout_basic

Skill      XL: |  1 |
---------------+----+-----
Fighting       | 4 |  4.0
Long Blades    | |  2.5
Dodging        | |  2.4
Stealth        | |  4.8

Action                   || total
-------------------------++-------
Melee: Falchion          ||    33
  Use: Scroll            ||     1
Armor: Leather armour    ||    10
Dodge: Dodged            ||    19

Table legend: (Time is in decaauts)
 A = Elapsed time spent in this place.
 B = Non-inter-level travel time spent in this place.
 C = Inter-level travel time spent in this place.
 D = Time resting spent in this place.
 E = Time spent auto-exploring this place.
 F = Levels seen in this place.
 G = Mean time per level.
                   A        B        C        D        E       F      G
               +--------+--------+--------+--------+--------+-----+--------+
         Total |    199 |    189 |     10 |      0 |      0 |   2 |   99.5 |
       Dungeon |    199 |    189 |     10 |      0 |      0 |   2 |   99.5 |
               +--------+--------+--------+--------+--------+-----+--------+

Top non-repeatable levels by time:
     D:5: 130 daAuts
     D:6: 68 daAuts
